 Dungeon Crawl Stone Soup version 0.31.0-11-ge490571c62 (webtiles) character file.

Game seed: 15122365509645624669

1752 Couri the Fighter (level 9, -2/101 HPs)
             Began as an Oni Warper on Feb 7, 2024.
             Was an Initiate of the Shining One.
             Succumbed to a water moccasin's poison
             ... on level 6 of the Dungeon.
             The game lasted 00:19:57 (8273 turns).

Couri the Fighter (Oni Warper)                      Turns: 8273, Time: 00:19:58

Health: -2/101     AC:  8    Str: 25    XL:     9   Next: 6%
Magic:  12/12      EV:  8    Int: 14    God:    the Shining One [......]
Gold:   233        SH:  8    Dex:  8    Spells: 9/13 levels left

rFire   + . .        e - +1 whip of Ash {holy, rN+ Will+ Str+4 SInv}
rCold   . . .        j - +0 kite shield
rNeg    + + .        o - +2 robe {rF+}
rPois   .            (helmet restricted)
rElec   .            z - +2 cloak
rCorr   .            (gloves unavailable)
SInv    +            (boots unavailable)
Will    ++...        (no amulet)
Stlth   +            g - ring of positive energy
HPRegen 0.36/turn    y - ring of willpower
MPRegen 0.13/turn

%: no passive effects
@: lethally poisoned (-2 -> -18), hasted, glowing, very quick
A: large, unfitting armour, horns 1, tough skin 1, double potion healing,
drunken brawling
a: Renounce Religion


You were on level 6 of the Dungeon.
You worshipped the Shining One.
The Shining One was noncommittal.
You visited 2 branches of the dungeon, and saw 8 of its levels.

You collected 253 gold pieces.
You spent 20 gold pieces at shops.

Inventory:

Hand Weapons
 a - a +1 mace
 d - a +2 dagger of speed
 e - the +1 whip of Ash (weapon) {holy, rN+ Will+ Str+4 SInv}
   (You found it on level 3 of the Dungeon)

   Str+4:     It affects your strength (+4).
   rN+:       It protects you from negative energy.
   Will+:     It increases your willpower.
   SInv:      It lets you see invisible.
 p - a +0 dagger
 r - a +0 battleaxe
 t - a +1 antimagic hand axe
 v - a +1 dagger of speed
 w - a +2 whip of venom
Missiles
 b - a curare-tipped dart
Armour
 j - a +0 kite shield (worn)
 l - a scarf of shadows
 o - a +2 robe of fire resistance (worn)
 z - a +2 cloak (worn)
Magical Staves
 s - a staff of conjuration
Jewellery
 g - a ring of positive energy (left hand)
 y - a ring of willpower (right hand)
Wands
 f - a wand of charming (4)
 A - a wand of iceblast (13)
Scrolls
 c - 2 scrolls of blinking
 k - a scroll of silence
 m - a scroll of teleportation
 n - 3 scrolls of amnesia
 u - a scroll of fear
 x - a scroll of fog
Potions
 q - a potion of cancellation


   Skills:
 * Level 9.7 Fighting
 * Level 7.3 Maces & Flails
 - Level 1.1 Throwing
 - Level 2.2 Dodging
 + Level 4.3 Shields
 - Level 2.5 Spellcasting
 - Level 2.7 Translocations


You had 9 spell levels left.
You knew the following spells:

 Your Spells              Type           Power      Damage    Failure   Level
a - Blink                 Tloc           18%        N/A       22%         2
b - Lesser Beckoning      Tloc           18%        N/A       22%         2

Your spell library contained the following spells:

 Spells                   Type           Power      Damage    Failure   Level
 Teleport Other           Tloc           9%         N/A       41%         3
 Volatile Blastmotes      Fire/Tloc      10%        2d10      61%         3
 Manifold Assault         Tloc           9%         N/A       82%         4
 Iskenderun's Mystic Bla  Conj/Tloc      5%         2d3       95%         4
 Vhi's Electric Charge    Tloc/Air       10%        N/A       95%         4
 Animate Dead             Necr           1%         N/A       99%         4
 Fulminant Prism          Conj/Alch      0%         3d5       99%         4
 Haunt                    Necr/Summ      0%         N/A       100%        7
 Infestation              Necr           0%         N/A       100%        8


Dungeon Overview and Level Annotations

Branches:
Dungeon (7/15)             Temple (1/1) D:6

Altars:
Dithmenos
Elyvilon
Fedhas
Gozag
Hepliaklqana
Kikubaaqudgha
Makhleb
Nemelex Xobeh
Okawaru
Qazlal
Ru
Sif Muna
Trog
Uskayaw
Vehumet
Wu Jian
Xom
Yredelemnul
The Shining One

Shops:
D:5 ?

Annotations:
D:5 2 runed translucent doors, Zantyr's ghost, novice DjCA


Innate Abilities, Weirdness & Mutations

You are too large for most types of armour.
You have a pair of small horns on your head.
You have tough skin. (AC +1)
You gain doubled healing and magic from potions.
Whenever you drink a healing potion, you attack all around you.


Message History

You throw a throwing net.
The throwing net closely misses the water moccasin.
You feel sick.
Throw: throwing net
Press: ? - help, Q - select action, (/) - cycle Shift-Dir - straight line, f/p - water moccasin
Aim: a water moccasin (heavily wounded, 35% to hit)
You throw a throwing net.
The throwing net closely misses the water moccasin.
You feel sick.
You hit the water moccasin.
The water moccasin is severely wounded.
You feel sick. The water moccasin barely misses you.
You barely miss the water moccasin.
The water moccasin is severely wounded.
The water moccasin barely misses you.
You closely miss the water moccasin.
The water moccasin is severely wounded.
You feel sick.
You are no longer poisoned.
The water moccasin bites you.
* * * LOW HITPOINT WARNING * * *
You closely miss the water moccasin.
The water moccasin is severely wounded.
You block the water moccasin's attack.
You closely miss the water moccasin.
The water moccasin is severely wounded.
The water moccasin bites you.
* * * LOW HITPOINT WARNING * * *
You miss the water moccasin.
The water moccasin is severely wounded.
The water moccasin bites you.
* * * LOW HITPOINT WARNING * * *
You hit the water moccasin.
The water moccasin is severely wounded.
The water moccasin barely misses you. The water moccasin bites you.
* * * LOW HITPOINT WARNING * * *
You are lethally poisoned!
The water moccasin poisons you!
You feel yourself speed up.
You die...

#.######..........
#######(...###..........
#............#..####....
#..........[...[####....
#...............)..)....
#...............####.###
#..................#.###
#......S......####.#....
#......@.....## #.....#
#............# #####.#
#............# #.#
#............### #.#
#..###.........# #..
#..............# ###
#...#...#......#### #
#[..#.⌠.#......##.######
#.###...###....##.......


You could see a water moccasin.

Vanquished Creatures
  Duvessa (D:7)
  An orc warrior (D:6)
  2 ice beasts
  A black bear (D:4)
  A kobold brigand (D:6)
  A bullfrog (D:7)
  4 scorpions
  Dowan (D:7)
  A bombardier beetle (D:5)
  6 hounds
  2 jellies
  2 orc priests
  2 sleepcaps
  Jessica (D:3)
  3 iguanas
  7 orc wizards
  Robin (D:3)
  5 adders
  6 ufetubi
  2 dart slugs
  A ribbon worm (D:5)
  25 orcs
  3 ball pythons
  5 endoplasms
  2 giant cockroaches (D:2)
  14 goblins
  8 hobgoblins
  2 jackals (D:2)
  2 quokkas
  2 bats
  2 frilled lizards (D:2)
  8 kobolds
  7 rats
131 creatures vanquished.

Notes
Turn   | Place    | Note
-------+----------+-------------------------------------------
     0 | D:1      | Couri the Oni Warper began the quest for the Orb.
     0 | D:1      | Reached XP level 1. HP: 22/22 MP: 3/3
   283 | D:1      | Reached skill level 3 in Fighting
   283 | D:1      | Reached XP level 2. HP: 31/31 MP: 5/5
   750 | D:2      | Reached XP level 3. HP: 34/37 MP: 6/6
  1811 | D:3      | Reached skill level 4 in Fighting
  1811 | D:3      | Reached XP level 4. HP: 42/48 MP: 7/7
  1820 | D:3      | Reached skill level 1 in Shields
  1886 | D:3      | Identified the +1 whip of Ash {holy, rN+ Will+ Str+4 SInv}
  2074 | D:3      | Noticed Robin
  2115 | D:3      | Reached XP level 5. HP: 40/55 MP: 8/8
  2126 | D:3      | Killed Robin
  2565 | D:3      | Noticed Jessica
  2573 | D:3      | Killed Jessica
  2574 | D:3      | Reached skill level 5 in Fighting
  2757 | D:3      | Found a shadowy altar of Dithmenos.
  2757 | D:3      | Found a shimmering blue altar of Sif Muna.
  2777 | D:4      | Learned a level 2 spell: Blink
  2780 | D:4      | Learned a level 2 spell: Lesser Beckoning
  2955 | D:4      | Noticed a black bear
  2969 | D:4      | Killed a black bear
  2970 | D:4      | Reached XP level 6. HP: 32/66 MP: 9/9
  3469 | D:4      | Reached skill level 6 in Fighting
  3698 | D:4      | Identified the +6 short sword of Laggid {vamp, rElec
                  | Stlth+}
  3742 | D:5      | Entered Level 5 of the Dungeon
  3878 | D:5      | Reached XP level 7. HP: 21/76 MP: 10/10
  4359 | D:5      | Reached skill level 5 in Maces & Flails
  4454 | D:5      | Reached skill level 7 in Fighting
  4743 | D:5      | Found Fulieben's Magic Scroll Boutique.
  4760 | D:5      | Bought a scroll of identify for 20 gold pieces
  5023 | D:5      | Found a runed translucent door.
  5024 | D:5      | Noticed Zantyr's ghost (novice DjCA)
  5165 | D:5      | Found a runed translucent door.
  5327 | D:4      | Reached XP level 8. HP: 11/87 MP: 11/11
  5953 | D:5      | Reached skill level 8 in Fighting
  6734 | D:6      | Found a staircase to the Ecumenical Temple.
  6741 | Temple   | Entered the Ecumenical Temple
  6798 | Temple   | Became a worshipper of the Shining One
  7262 | D:7      | HP: 3/89 [orc warrior/+0 battleaxe (4)]
  7644 | D:6      | Reached skill level 9 in Fighting
  8007 | D:7      | Noticed Dowan
  8007 | D:7      | Noticed Duvessa
  8025 | D:7      | Killed Duvessa
  8035 | D:7      | Killed Dowan
  8036 | D:7      | Reached XP level 9. HP: 43/100 MP: 12/12
  8272 | D:6      | HP: 2/101 [water moccasin (6)]
  8273 | D:6      | Succumbed to a water moccasin's poison

Illustrated notes

Levels and vault maps discovered:
D:1:      scummos_arrival_star, layout_loops_cross, hangedman_decor_peaks_small,
          chequers_mini_garden, minmay_misc_feat_more_columns
D:2:      layout_loops_corners, nicolae_hexahallways, minmay_pentomino_t4
D:3:      layout_basic, gammafunk_temple_overflow_pools, uniq_robin,
          uniq_jessica
D:4:      layout_cave_pods, serial_park_tiny_1
D:5:      layout_layer_cave, serial_shops, shop, ebering_ghost_sewer_f,
          guppyfry_early_orc_mine
D:6:      layout_basic, minmay_temple_entry_junction_2, grunt_ministairs_6
D:7:      layout_loops_ring, mainiacjoe_overflow_brackets, zin_angel,
          mainiacjoe_overflow_catwalk, nicolae_eternal_life, uniq_duvessa
Temple:   bh_familiar_temple

Skill      XL: |  1  2  3  4  5  6  7  8 |
---------------+-------------------------+-----
Fighting       | 3 4 5 6 7 9 |  9.7
Shields        | 1 2 3 4 |  4.3
Maces & Flails | 3 4 5 7 |  7.3
Throwing       | |  1.1
Dodging        | |  2.2
Spellcasting   | |  2.5
Translocations | |  2.7

Action                     |  1- 3 |  4- 6 |  7- 9 || total
---------------------------+-------+-------+-------++-------
  Melee: Mace              |    81 |     7 |       ||    88
         Headbutt          |    15 |    32 |    68 ||   115
         Whip              |       |   167 |   337 ||   504
  Throw: Dart              |       |       |     7 ||     7
         Throwing net      |       |       |     2 ||     2
    Use: Scroll            |     7 |     2 |     6 ||    15
         Potion            |     1 |     1 |    11 ||    13
   Stab: Sleeping          |       |     1 |       ||     1
 Armour: Robe              |    40 |   112 |   262 ||   414
  Dodge: Dodged            |    23 |    54 |   126 ||   203
  Block: Kite shield       |    33 |    48 |   122 ||   203
